 Dungeon Crawl Stone Soup version 0.30-a0-782-ge64f9170bb (webtiles) character file.

Game seed: 4850407239805998344

380 HoaS the Shooter (level 6, -3/48 HPs)
             Began as a Demigod Hunter on Mar 12, 2023.
             Slain by a black bear (11 damage)
             ... on level 5 of the Dungeon.
             The game lasted 00:06:42 (3390 turns).

HoaS the Shooter (Demigod Hunter)                   Turns: 3390, Time: 00:06:42

Health: -3/48      AC:  4    Str: 12    XL:     6   Next: 21%
Magic:  8/8        EV: 12    Int: 11    God:
Gold:   145        SH:  5    Dex: 25    Spells: 5/5 levels left

rFire   . . .      SeeInvis +    a - +1 shortbow
rCold   . . .      Faith    .    (shield currently unavailable)
rNeg    . . .      Spirit   .    c - +1 leather armour
rPois   .          Reflect  +    (no helmet)
rElec   .          Harm     .    (no cloak)
rCorr   .          Rampage  .    (no gloves)
Will    .....                    (no boots)
Stlth   ++                       n - amulet of reflection
HPRegen 0.28/turn                d - ring of see invisible
MPRegen 0.11/turn                (no ring)

@: no status effects
A: high MP 1, forlorn, divine attributes
a: no special abilities


You were on level 5 of the Dungeon.
You visited 1 branch of the dungeon, and saw 5 of its levels.

You collected 145 gold pieces.

Inventory:

Hand Weapons
 a - a +1 shortbow (weapon)
Armour
 c - a +1 leather armour (worn)
Jewellery
 d - a ring of see invisible (left hand)
 n - an amulet of reflection (around neck)
Scrolls
 b - 2 scrolls of immolation
 g - 3 scrolls of poison
Potions
 e - a potion of attraction
 f - a potion of might {unknown}
 h - 5 potions of curing
 i - 2 potions of ambrosia
 j - a potion of haste {unknown}
 k - 2 potions of mutation {unknown}
 l - a potion of brilliance {unknown}
 m - 2 potions of resistance
 o - a potion of magic {unknown}


   Skills:
 - Level 1.7 Fighting
 + Level 7.2 Ranged Weapons
 - Level 1.7 Dodging
 - Level 0.8 Stealth


You had 5 spell levels left.
You didn't know any spells.
Your spell library contained the following spells:

 Spells                   Type           Power      Damage    Failure   Level
 Ensorcelled Hibernation  Hex/Ice        0%         N/A       56%         2
 Scorch                   Fire           0%         2d5       56%         2
 Sublimation of Blood     Necr           0%         N/A       56%         2
 Wereblood                Tmut           0%         N/A       56%         2
 Inner Flame              Hex/Fire       0%         N/A       80%         3
 Spider Form              Tmut/Pois      0%         N/A       80%         3
 Anguish                  Hex/Necr       0%         N/A       99%         4
 Cause Fear               Hex            0%         N/A       99%         4
 Flame Wave               Conj/Fire      0%         2d4       99%         4
 Summon Cactus Giant      Summ           0%         N/A       100%        6
 Summon Hydra             Summ           0%         N/A       100%        7
 Discord                  Hex            0%         N/A       100%        8


Dungeon Overview and Level Annotations

Branches:
Dungeon (5/15)
 Temple: D:4-7

Annotations:
D:4 Dowan, Duvessa


Innate Abilities, Weirdness & Mutations

You have an increased reservoir of magic. (+10% MP)
You shall have no god before yourself.
Your divine heritage dramatically boosts your attributes as you level up.


Message History

Fire: a) +1 shortbow
Press: ? - help, Q - select action Shift-Dir - straight line, f/p - black bear
Aim: a black bear (heavily wounded, 74% to hit)
You shoot an arrow. The arrow barely misses the black bear.
Fire: a) +1 shortbow
Press: ? - help, Q - select action Shift-Dir - straight line, f/p - black bear
Aim: a black bear (heavily wounded, 74% to hit)
You shoot an arrow. The arrow hits the black bear.
The black bear is heavily wounded.
The black bear bites you.
* * * LOW HITPOINT WARNING * * *
The black bear closely misses you. The black bear barely misses you.
Fire: a) +1 shortbow
Press: ? - help, Q - select action Shift-Dir - straight line, f/p - black bear
Aim: a black bear (heavily wounded, 74% to hit)
You shoot an arrow.
The arrow closely misses the black bear.
The black bear closely misses you.
The black bear claws you but does no damage.
You block the black bear's attack.
Fire: a) +1 shortbow
Press: ? - help, Q - select action Shift-Dir - straight line, f/p - black bear
Aim: a black bear (heavily wounded, 74% to hit)
You shoot an arrow.
The arrow completely misses the black bear.
The black bear closely misses you. The black bear claws you.
* * * LOW HITPOINT WARNING * * *
The black bear barely misses you.
Fire: a) +1 shortbow
Press: ? - help, Q - select action Shift-Dir - straight line, f/p - black bear
Aim: a black bear (heavily wounded, 74% to hit)
You shoot an arrow. The arrow hits the black bear!
The black bear is almost dead.
The black bear goes berserk!
Fire: a) +1 shortbow
Press: ? - help, Q - select action Shift-Dir - straight line, f/p - black bear
Aim: a black bear (almost dead, berserk, 74% to hit)
You shoot an arrow. The arrow barely misses the black bear.
The black bear bites you!
You die...

####### ......#
###########
.####..........h@.#
......#
####.#.##.##
.###### # ♣.P♣ ##
♣♣~~♣ # ♣~)♣♣ ♣♣~♣♣
#. ♣P°~♣ ♣ #.
##♣♣♣♣♣~~~♣..~♣
#### .##
#...~~.~.~~.~~.


You could see a black bear (berserk).

Vanquished Creatures
  A centaur (D:5)
  A necrophage (D:4)
  A scorpion (D:4)
  An orc priest (D:4)
  Jessica (D:3)
  3 adders
  A shadow imp (D:4)
  2 dart slugs (D:4)
  4 orcs
  7 endoplasms
  3 giant cockroaches
  8 goblins
  5 hobgoblins
  10 jackals
  7 kobolds
  4 quokkas
  4 ball pythons
  8 bats
  4 frilled lizards
  2 rats (D:1)
77 creatures vanquished.

Vanquished Creatures (others)
  3 plants (D:5)
3 creatures vanquished.

Grand Total: 80 creatures vanquished

Notes
Turn   | Place    | Note
-------+----------+-------------------------------------------
     0 | D:1      | HoaS the Demigod Hunter began the quest for the Orb.
     0 | D:1      | Reached XP level 1. HP: 17/17 MP: 3/3
    53 | D:1      | Reached skill level 4 in Ranged Weapons
    73 | D:1      | Reached XP level 2. HP: 24/24 MP: 4/4
   836 | D:2      | Reached XP level 3. HP: 29/29 MP: 5/5
  1613 | D:3      | Noticed Jessica
  1617 | D:3      | Killed Jessica
  1618 | D:3      | Reached skill level 5 in Ranged Weapons
  1767 | D:3      | Reached XP level 4. HP: 36/36 MP: 6/6
  2695 | D:4      | Reached skill level 6 in Ranged Weapons
  2695 | D:4      | Reached XP level 5. HP: 37/41 MP: 7/7
  3197 | D:4      | Noticed Dowan
  3247 | D:4      | Noticed Duvessa
  3297 | D:5      | Entered Level 5 of the Dungeon
  3371 | D:5      | Noticed a black bear
  3371 | D:5      | Noticed a centaur
  3380 | D:5      | Killed a centaur
  3381 | D:5      | Reached skill level 7 in Ranged Weapons
  3381 | D:5      | Reached XP level 6. HP: 9/48 MP: 8/8
  3390 | D:5      | Slain by a black bear

Illustrated notes

Levels and vault maps discovered:
D:1:      spicycebolla_arrival_risky_transporter, layout_basic,
          ebering_ecumenical_altar_webs, minmay_misc_feat_more_columns
D:2:      layout_basic
D:3:      layout_loops_corners, uniq_jessica
D:4:      layout_gridville, uniq_duvessa
D:5:      layout_loops_ring, mainiacjoe_overflow_big_doors,
          lemuel_crystal_altar, gammafunk_ghost_cemetery, serial_bayou_crossing

Skill      XL: |  1  2  3  4  5 |
---------------+----------------+-----
Ranged Weapons | 4 5 6 7 |  7.2
Fighting       | |  1.7
Dodging        | |  1.7
Stealth        | |  0.8

Action                     |  1- 3 |  4- 6 || total
---------------------------+-------+-------++-------
   Fire: Shortbow          |   108 |   117 ||   225
    Use: Scroll            |     4 |    10 ||    14
 Armour: Leather armour    |    11 |     6 ||    17
  Dodge: Dodged            |    35 |    20 ||    55
  Block: Other             |       |     9 ||     9
         Reflection        |       |     1 ||     1

Table legend: (Time is in decaauts)
 A = Elapsed time spent in this place.
 B = Non-inter-level travel time spent in this place.
 C = Inter-level travel time spent in this place.
 D = Time resting spent in this place.
 E = Time spent auto-exploring this place.
 F = Levels seen in this place.
 G = Mean time per level.
                   A        B        C        D        E       F      G
               +--------+--------+--------+--------+--------+-----+--------+
         Total |   3455 |   3310 |    145 |    400 |   2393 |   5 |  691.0 |
       Dungeon |   3455 |   3310 |    145 |    400 |   2393 |   5 |  691.0 |
               +--------+--------+--------+--------+--------+-----+--------+

Top non-repeatable levels by time:
     D:3: 999 daAuts
     D:2: 938 daAuts
     D:4: 773 daAuts
     D:1: 642 daAuts
     D:5: 101 daAuts
